 Dungeon Crawl Stone Soup version 0.24-a0-415-g6d73c25c48 (webtiles) character file.

Game seed: 14864348423908900912

16151 theanonym the Grappler (level 12, -5/108 HPs)
             Began as a Ghoul Gladiator on June 8, 2019.
             Was a High Priest of Ru.
             Slain by Jorgrun
             ... wielding a +0 quarterstaff of crushing
              (14 damage)
             ... on level 1 of the Orcish Mines.
             The game lasted 00:23:46 (11489 turns).

theanonym the Grappler (Ghoul Gladiator)           Turns: 11489, Time: 00:23:47

Health: -5/108     AC: 16    Str: 28    XL:     12   Next: 34%
Magic:  4/11       EV:  6    Int:  5    God:    Ru [*****.]
Gold:   102        SH:  8    Dex: 15    Spells: 11/11 levels left

rFire    + + .     SeeInvis .     - Unarmed
rCold    + + .     Gourm    .   a - +0 shield
rNeg     + + +     Faith    .   z - +0 plate armour
rPois    ∞         Spirit   .   i - +2 helmet
rElec    +         Reflect  .   D - scarf {rC+ rF+}
rCorr    +         Harm     .   (no gloves)
MR       .....                  h - +1 pair of boots
Stlth    ..........             C - amulet of regeneration
HPRegen  0.00/turn              v - ring of Kitaa {rElec rF+ Str+5 Int+2}
MPRegen  0.12/turn              u - ring of resist corrosion

@: agile, exhausted, grasped by roots, flying, rotting, constricted, heavily
drained
A: rotting body, claws 1, carnivore, cold resistance 1, negative energy
resistance 3, inhibited regeneration, torment resistance, unbreathing, inability
to use devices, hated by all, unskilled 1
a: Draw Out Power, Power Leap, Apocalypse, Renounce Religion


Innate Abilities, Weirdness & Mutations

Your body is rotting away.
You thrive on raw meat.
You are immune to poison.
You have sharp fingernails.
You are carnivorous and can eat meat at any time.
Your flesh is cold resistant. (rC+)
You are immune to negative energy. (rN+++)
You do not regenerate when monsters are visible.
You are immune to unholy pain and torment.
You can survive without breathing.
You cannot study or use magical devices.
You are hated by all.
You are somewhat unskilled. (-1 Apt)


   Skills:
 + Level 10.9(8.9) Fighting
 - Level 1.5(0.0) Throwing
 + Level 5.4(3.6) Armour
 - Level 2.4(0.7) Dodging
 * Level 14.8(12.6) Unarmed Combat


You had 11 spell levels left.
You didn't know any spells.
Your spell library contained the following spells:

 Spells                   Type           Power        Failure   Level  Hunger
 Apportation              Tloc           #.....       100%        1    ##.....
 Confusing Touch          Hex            #.....       100%        1    ##.....
 Corona                   Hex            #......      100%        1    ##.....
 Magic Dart               Conj           #...         100%        1    ##.....
 Shock                    Conj/Air       #...         100%        1    ##.....
 Sting                    Conj/Pois      #...         100%        1    ##.....
 Blink                    Tloc           N/A          100%        2    ###....
 Ensorcelled Hibernation  Hex/Ice        #.....       100%        2    ###....
 Poisonous Vapours        Pois/Air       #.....       100%        2    ###....
 Slow                     Hex            #.......     100%        2    ###....
 Swiftness                Chrm/Air       #.......     100%        2    ###....
 Confuse                  Hex            #.......     100%        3    ####...
 Conjure Flame            Conj/Fire      #.......     100%        3    ####...
 Dazzling Spray           Conj/Hex       #.....       100%        3    ####...
 Mephitic Cloud           Conj/Pois/Air  #.......     100%        3    ####...
 Static Discharge         Conj/Air       #.......     100%        3    ####...
 Tukima's Dance           Hex            #.......     100%        3    ####...
 Airstrike                Air            #.........   100%        4    #####..
 Olgreb's Toxic Radiance  Pois           #.......     100%        4    #####..
 Bolt of Magma            Conj/Fire/Erth #.........   100%        5    ######.
 Iskenderun's Battlesphe  Conj/Chrm      #.......     100%        5    ######.
 Lightning Bolt           Conj/Air       #.........   100%        5    ######.
 Venom Bolt               Conj/Pois      #.........   100%        5    ######.
 Freezing Cloud           Conj/Ice/Air   #.........   100%        6    #######
 Iron Shot                Conj/Erth      #.........   100%        6    #######
 Orb of Destruction       Conj           #.........   100%        7    #######
 Ring of Flames           Chrm/Fire      #.........   100%        7    #######
 Animate Skeleton         Necr           Unusable     N/A         1    N/A
 Summon Small Mammal      Summ           Unusable     N/A         1    N/A
 Call Imp                 Summ           Unusable     N/A         2    N/A
 Spellforged Servitor     Conj/Summ      Unusable     N/A         7    N/A

Skill      XL: |  1  2  3  4  5  6  7  8  9 10 11 12 |
---------------+-------------------------------------+-----
Unarmed Combat | 4 5 6 7 8 10 11 13 14 | 14.8
Fighting       | 3 4 5 7 8 9 10 | 10.9
Armour         | 2 4 5 |  5.4
Throwing       | |  1.5
Dodging        | |  2.4

Action                   |  1- 3 |  4- 6 |  7- 9 | 10-12 || total
-------------------------+-------+-------+-------+-------++-------
Melee: Unarmed           |   129 |   130 |   332 |   484 ||  1075
       Punch             |     5 |     2 |     3 |       ||    10
Throw: Throwing net      |       |     1 |     2 |     4 ||     7
Invok: Sacrifice Love    |       |     1 |       |       ||     1
       Sacrifice Artific |       |       |     1 |       ||     1
       Sacrifice Skill   |       |       |     1 |       ||     1
       Draw Out Power    |       |       |       |     2 ||     2
       Power Leap        |       |       |       |     1 ||     1
       Apocalypse        |       |       |       |     6 ||     6
       Reject Sacrifices |       |       |       |     1 ||     1
  Use: Scroll            |       |     7 |     9 |     7 ||    23
       Potion            |       |       |       |     6 ||     6
 Stab: Distracted        |       |       |     2 |     2 ||     4
       Invisible         |       |       |       |     2 ||     2
       Paralysed         |       |       |       |     1 ||     1
  Eat: Chunk             |     2 |    10 |    12 |    27 ||    51
       Ration            |       |       |       |     1 ||     1
Armor: Ring mail         |    31 |    55 |    56 |       ||   142
       Leather armour    |     1 |       |       |       ||     1
       Chain mail        |       |       |    66 |    58 ||   124
       Plate armour      |       |       |       |   217 ||   217
Dodge: Dodged            |    79 |    81 |    82 |   106 ||   348
Block: Shield            |       |       |    68 |   184 ||   252

Inventory:

Armour
 a - a +0 shield (worn)
 h - a +1 pair of boots (worn)
 i - a +2 helmet (worn)
 z - a +0 plate armour (worn)
 D - a scarf of resistance (worn)
Jewellery
 u - a ring of resist corrosion (right claw)
 v - the ring of Kitaa (left claw) {rElec rF+ Str+5 Int+2}

   [ring of strength]

   It affects your strength (+5).
   It affects your intelligence (+2).
   It protects you from fire.
   It insulates you from electricity.
 w - an uncursed ring of fire
 C - an amulet of regeneration (around neck)
Scrolls
 f - a scroll of fog
 n - 4 scrolls of remove curse
 r - 2 scrolls of identify
 t - 6 scrolls of teleportation
 y - a scroll of enchant armour
 B - a scroll of blinking
Potions
 b - 3 potions of curing
 k - a potion of invisibility {unknown}
 m - 2 potions of brilliance
 o - 2 potions of magic
 p - 2 potions of ambrosia
 s - a potion of resistance {unknown}
 x - a potion of haste {unknown}
Comestibles
 e - 22 rations
 l - 3 chunks of flesh


You were on level 1 of the Orcish Mines.
You worshipped Ru.
Ru was extremely pleased with you.
You were not hungry.

You visited 2 branches of the dungeon, and saw 12 of its levels.

You collected 571 gold pieces.
You spent 469 gold pieces at shops.

Dungeon Overview and Level Annotations

Branches:
Dungeon (11/15)            Temple (0/1) D:6            Lair (0/6) D:10
    Orc (1/2) D:11

Altars:
Kikubaaqudgha
Nemelex Xobeh
Okawaru
Ru
Xom
Yredelemnul

Shops:
D:4 [   D:9 ?   D:10 *

Annotations:
Orc:1 Jorgrun

#........#...............#
##.#...............#....#
...........)#..........###
#................#.......##
#.................##....$.##
...#.#..........$)#[#......#
.....#............()[.......
..................)$.......#
...#............@...(...###
................#g......##
#........................#..
##..#.....................#
###......>.........†....#..
##..).....................
##.........................
#..........#..........(....
.#....÷.................$...


You could see Jorgrun.

Notes
Turn   | Place    | Note
-------+----------+-------------------------------------------
     0 | D:1      | theanonym the Ghoul Gladiator began the quest for the Orb.
     0 | D:1      | Reached XP level 1. HP: 17/17 MP: 0/0
    65 | D:1      | Reached XP level 2. HP: 25/25 MP: 1/1
   235 | D:1      | Reached skill level 4 in Unarmed Combat
   426 | D:1      | Reached XP level 3. HP: 30/30 MP: 2/2
   868 | D:2      | Reached skill level 3 in Fighting
   887 | D:2      | Found a sacrificial altar of Ru.
   952 | D:2      | Reached XP level 4. HP: 25/38 MP: 3/3
  1064 | D:2      | theanonym: !lg * gh class=fi|gl|mo win urune=15 s=god
  1064 | D:2      | meem: 316 games for * (gh class=fi|gl|mo win urune=15):
                  | 104x Ru, 69x Makhleb, 43x Cheibriados, 28x Okawaru, 20x
                  | Qazlal, 14x Kikubaaqudgha, 10x Uskayaw, 7x Nemelex Xobeh,
                  | 7x Ashenzari, 4x Yredelemnul, 4x Wu Jian, 2x Hepliaklqana,
                  | Pakellas, , Xom, Dithmenos
  1064 | D:2      | Found an iron altar of Okawaru.
  1067 | D:2      | Became a worshipper of Ru the Awakened
  1524 | D:2      | HP: 19/38 [wight/+0 scimitar (7)]
  1525 | D:2      | Reached skill level 5 in Unarmed Combat
  1525 | D:2      | Reached XP level 5. HP: 22/45 MP: 4/4
  1676 | D:2      | HP: 14/46 [wight/cursed +1 battleaxe (12)]
  1678 | D:2      | Reached skill level 4 in Fighting
  1678 | D:2      | Reached skill level 6 in Unarmed Combat
  1963 | D:2      | Found a sacrificial altar of Ru.
  1969 | D:2      | Reached XP level 6. HP: 45/51 MP: 5/5
  1970 | D:2      | HP: 19/51 [wight/cursed +4 scimitar (15)]
  2166 | D:2      | Found an iron altar of Okawaru.
  2952 | D:3      | Gained mutation: You are hated by all. [Ru sacrifice]
  2952 | D:3      | Reached * piety under Ru
  3134 | D:3      | Found an ancient bone altar of Kikubaaqudgha.
  3138 | D:3      | Reached skill level 7 in Unarmed Combat
  3221 | D:4      | Reached skill level 5 in Fighting
  3221 | D:4      | Reached XP level 7. HP: 51/61 MP: 6/6
  3344 | D:4      | Found Caghiqa's Antique Armour Shop.
  3519 | D:4      | Reached skill level 8 in Unarmed Combat
  3620 | D:4      | Got a brightly glowing marble ring
  3763 | D:4      | Identified the ring of Kitaa {rElec rF+ Str+5 Int+2} (You
                  | found it on level 4 of the Dungeon)
  3812 | D:4      | Bought a shield for 121 gold pieces
  3838 | D:5      | Entered Level 5 of the Dungeon
  3899 | D:5      | Reached XP level 8. HP: 65/70 MP: 7/7
  3909 | D:5      | Reached skill level 6 in Fighting
  3912 | D:5      | HP: 35/70 [kobold (4)]
  4048 | D:5      | Noticed a slime creature
  4048 | D:5      | Noticed a slime creature
  4048 | D:5      | Noticed a slime creature
  4049 | D:5      | Reached skill level 9 in Unarmed Combat
  4053 | D:5      | HP: 24/70 [slime creature (13)]
  4305 | D:5      | HP: 26/70 [slime creature (13)]
  4327 | D:5      | HP: 12/70 [slime creature (14)]
  4795 | D:5      | HP: 33/70 [orc priest/divine providence (11)]
  5262 | D:5      | Found a large runed translucent door.
  5262 | D:5      | Found a large runed translucent door.
  5266 | D:5      | Noticed Ratty's ghost (amateur OgNe)
  5307 | D:5      | HP: 27/71 [ogre/+0 giant club (17)]
  5308 | D:5      | Reached skill level 7 in Fighting
  5308 | D:5      | Reached skill level 10 in Unarmed Combat
  5605 | D:5      | Gained mutation: You cannot study or use magical devices.
                  | [Ru sacrifice]
  5605 | D:5      | Reached ** piety under Ru
  5605 | D:5      | Reached *** piety under Ru
  6213 | D:5      | Killed a slime creature
  6213 | D:5      | Reached XP level 9. HP: 75/78 MP: 8/8
  6417 | D:5      | Killed Ratty's ghost
  6417 | D:5      | Reached skill level 11 in Unarmed Combat
  6704 | D:6      | Found a staircase to the Ecumenical Temple.
  6717 | D:6      | Reached skill level 8 in Fighting
  6831 | D:6      | Found a shimmering altar of Xom.
  6832 | D:6      | Found a basalt altar of Yredelemnul.
  7533 | D:7      | Reached skill level 12 in Unarmed Combat
  7832 | D:8      | Gained mutation: You are somewhat unskilled. (-1 Apt) [Ru
                  | sacrifice]
  7832 | D:8      | Reduced skill Unarmed Combat to level 11
  7832 | D:8      | Reached **** piety under Ru
  7832 | D:8      | Reached ***** piety under Ru
  7909 | D:8      | Reached XP level 10. HP: 79/88 MP: 9/9
  8008 | D:8      | Found a sparkling altar of Nemelex Xobeh.
  8046 | D:8      | Reached skill level 12 in Unarmed Combat
  8066 | D:8      | HP: 37/90 [orc warrior/+0 halberd (12)]
  8738 | D:8      | HP: 39/89 [ogre/+0 giant club (18)]
  8980 | D:9      | Reached skill level 9 in Fighting
  8980 | D:9      | Reached skill level 1 in Armour
  9096 | D:9      | Noticed a two-headed ogre
  9098 | D:9      | Killed a two-headed ogre
  9150 | D:9      | Reached skill level 2 in Armour
  9343 | D:9      | Found Fian's Magic Scroll Shop.
  9356 | D:9      | Bought a scroll of identify for 28 gold pieces
  9526 | D:10     | Entered Level 10 of the Dungeon
  9628 | D:10     | Reached skill level 13 in Unarmed Combat
  9628 | D:10     | Reached XP level 11. HP: 65/97 MP: 10/10
  9637 | D:10     | Reached skill level 3 in Armour
  9640 | D:10     | Noticed Harold
  9647 | D:10     | HP: 46/99 [hippogriff (8)]
  9652 | D:10     | HP: 34/99 [hippogriff (2)]
  9660 | D:9      | HP: 29/99 [acid (2)]
  9789 | D:10     | Noticed a deep elf mage
  9793 | D:10     | Killed a deep elf mage
  9797 | D:10     | Killed Harold
  9892 | D:10     | Found a staircase to the Lair.
 10011 | D:10     | Found Zaydinae's General Store.
 10023 | D:10     | Bought a scarf of resistance for 320 gold pieces
 10412 | D:11     | Reached skill level 10 in Fighting
 10434 | D:11     | Noticed a cyclops
 10445 | D:11     | Killed a cyclops
 10491 | D:11     | Noticed Josephine
 10502 | D:11     | Killed Josephine
 10502 | D:11     | Reached skill level 4 in Armour
 10502 | D:11     | HP: 46/100 [acid (5)]
 10504 | D:11     | Reached skill level 14 in Unarmed Combat
 10586 | D:11     | Noticed a cyclops
 10591 | D:11     | Killed a cyclops
 10630 | D:11     | HP: 50/101 [orc wizard/puff of flame (2)]
 10652 | D:11     | HP: 50/101 [warg (8)]
 10735 | D:11     | Found a staircase to the Orcish Mines.
 10806 | D:11     | Noticed a two-headed ogre
 10816 | D:11     | Killed a two-headed ogre
 10816 | D:11     | Reached XP level 12. HP: 92/108 MP: 11/11
 10852 | D:11     | Reached skill level 5 in Armour
 11304 | Orc:1    | Entered Level 1 of the Orcish Mines
 11408 | Orc:1    | Noticed Snorg
 11417 | Orc:1    | Killed Snorg
 11436 | Orc:1    | HP: 54/108 [troll (4)]
 11439 | Orc:1    | Noticed Jorgrun
 11469 | Orc:1    | HP: 46/108 [Jorgrun/+0 quarterstaff of crushing (9)]
 11485 | Orc:1    | HP: 33/108 [Jorgrun/iron shot (27)]
 11488 | Orc:1    | HP: 14/108 [Jorgrun/+0 quarterstaff of crushing (6)]
 11489 | Orc:1    | Slain by Jorgrun

Vanquished Creatures
  Snorg (Orc:1)
  Josephine (D:11)
  Harold (D:10)
  2 two-headed ogres
  An orc sorcerer (Orc:1)
  A deep elf mage (D:10)
  An ugly thing (D:11)
  3 cyclopes
  The ghost of Ratty the Artisan of Death, an amateur OgNe of Kikubaaqudgha (D:5)
  2 trolls
  3 hippogriffs
  2 slime creatures (D:5)
  A shadow (D:11)
  3 wraiths (D:11)
  2 hungry ghosts
  4 wyverns
  A steam dragon (D:9)
  4 wargs
  7 orc warriors
  3 sky beasts
  A black bear (D:10)
  2 necrophages
  2 ice beasts
  2 phantoms
  6 ogres
  3 centaurs
  5 big kobolds
  7 bullfrogs
  2 scorpions
  4 killer bees (D:10)
  10 wights
  A vampire bat (D:3)
  9 howler monkeys
  7 crimson imps
  A bullfrog zombie (D:8)
  6 hounds
  4 centaur zombies
  7 orc priests
  9 jellies
  2 bullfrog skeletons
  3 iguanas
  20 orc wizards
  5 worker ants
  A hound skeleton (D:8)
  A worker ant zombie (D:11)
  A howler monkey skeleton (D:6)
  3 gnolls (D:7)
  12 adders
  4 shadow imps
  6 oozes
  An adder zombie (D:5)
  2 worms (D:2)
  2 dart slugs
  7 leopard geckos
  52 orcs
  3 ball pythons
  2 bat skeletons (D:3)
  2 bat zombies (D:3)
  3 giant cockroaches (D:3)
  7 hobgoblins
  11 jackals
  8 quokkas
  7 bats
  7 frilled lizards
  A giant cockroach zombie (D:5)
  6 goblins
  19 kobolds
  A leopard gecko skeleton (D:3)
  12 rats
343 creatures vanquished.

Vanquished Creatures (others)
  A hornet (D:11)
  A black bear (D:9)
  A shadow imp (D:11)
  2 orcs
  A kobold (D:8)
  5 fungi (D:5)
  10 toadstools (D:5)
21 creatures vanquished.

Grand Total: 364 creatures vanquished

Table legend:
 A = Turns spent in this place as a percentage of turns spent in the entire game.
 B = Non-inter-level travel turns spent in this place as a percentage of non-inter-level travel turns spent in the entire game.
 C = Inter-level travel turns spent in this place as a percentage of turns spent in this place.
 D = Turns resting spent in this place as a percentage of non-inter-level travel turns spent in this place.
 E = Turns spent auto-exploring this place as a percentage of non-inter-level travel turns spent in this place.
 F = Non-inter-level travel turns spent in this place divided by the number of levels of this place that you've seen.
                   A       B       C       D       E      F
               +-------+-------+-------+-------+-------+----------------------
         Total | 100.0 | 100.0 |   6.4 |  23.6 |  56.6 | 896.6
       Dungeon |  98.4 |  98.3 |   6.5 |  23.9 |  57.1 | 961.3
  Orcish Mines |   1.6 |   1.7 |   0.0 |   6.5 |  28.1 | 185.0
               +-------+-------+-------+-------+-------+----------------------
